 Seeded DCSS version 0.30.1-11-g7821555f0a (webtiles) character file.

Game seed: 5 (custom seed)

224 Kazon the Covered (level 6, -4/38 HPs)
             Began as a Gargoyle Fighter on Nov 28, 2023.
             Was an Initiate of Okawaru.
             Slain by Sigmund
             ... wielding a +0 scythe
              (6 damage)
             ... on level 4 of the Dungeon.
             The game lasted 00:09:40 (2292 turns).

Kazon the Covered (Gargoyle Fighter)                Turns: 2292, Time: 00:09:40

Health: -4/38      AC: 12    Str: 21    XL:     6   Next: 0%
Magic:  15/15      EV: 10    Int:  9    God:    Okawaru [......]
Gold:   163        SH:  0    Dex: 19    Spells: 5/5 levels left

rFire   . . .        q - +1 battleaxe of Defiance {drain, Dex+4}
rCold   . . .        (shield currently unavailable)
rNeg    + . .        b - +0 scale mail
rPois   ∞            i - +0 helmet
rElec   +            (no cloak)
rCorr   .            (no gloves)
SInv    .            (no boots)
Will    .....        (no amulet)
Stlth   +            r - ring of magical power
HPRegen 0.26/turn    y - +6 ring of dexterity
MPRegen 0.14/turn

%: no passive effects
@: no status effects
A: sickness immunity, AC +4, negative energy resistance 1, electricity
resistance, torment resistance 1, petrification resistance
a: Renounce Religion


You were on level 4 of the Dungeon.
You worshipped Okawaru.
Okawaru was noncommittal.
You visited 2 branches of the dungeon, and saw 5 of its levels.

You collected 163 gold pieces.

Inventory:

Hand Weapons
 a - a +0 flail
 e - a +2 vampiric dagger
 f - a +0 hand axe of flaming
 q - the +1 battleaxe of Defiance (weapon) {drain, Dex+4}
   (You acquired it on level 1 of the Dungeon)

   Dex:       It affects your dexterity (+4).
Missiles
 h - 5 stones (quivered)
 j - 3 boomerangs
 v - 5 poisoned darts
Armour
 b - a +0 scale mail (worn)
 c - a +0 tower shield
 i - a +0 helmet (worn)
Jewellery
 r - a ring of magical power (left hand)
 y - a +6 ring of dexterity (right hand)
Wands
 B - a wand of paralysis (8)
Scrolls
 l - a scroll of teleportation
 m - 2 scrolls of magic mapping {unknown}
 n - a scroll of summoning {unknown}
 o - 2 scrolls of identify {unknown}
 p - a scroll of blinking {unknown}
 x - a scroll of amnesia {unknown}
 z - a scroll of torment {unknown}
 A - a scroll of fog {unknown}
Potions
 d - a potion of might
 g - a potion of resistance {unknown}
 k - 3 potions of curing {unknown}
 s - a potion of flight {unknown}
 t - a potion of berserk rage {unknown}
 u - a potion of invisibility {unknown}
 w - 2 potions of heal wounds {unknown}


   Skills:
 + Level 3.6 Fighting
 + Level 2.6(3.0) Axes
 + Level 2.2(3.0) Maces & Flails
 * Level 1.4 Throwing
 + Level 4.1 Armour
 + Level 0.7 Dodging
 * Level 1.9 Stealth
 + Level 3.6 Shields
 * Level 1.1 Invocations


You had 5 spell levels left.
You didn't know any spells.
Your spell library contained the following spells:

 Spells                   Type           Power      Damage    Failure   Level
 Frozen Ramparts          Ice            0%         1d1       97%         3
 Ice Form                 Ice/Tmut       0%         N/A       100%        4
 Summon Ice Beast         Ice/Summ       Unusable   N/A       N/A         4

Dungeon Overview and Level Annotations

Branches:
Dungeon (4/15)             Temple (1/1) D:4

Altars:
Dithmenos
Fedhas
Gozag
Hepliaklqana
Okawaru
Qazlal
Trog
Uskayaw
Wu Jian
The Shining One

Annotations:
D:4 Sigmund


Innate Abilities, Weirdness & Mutations

You are immune to sickness and miasma.
Your stone body is resilient. (AC +4)
You are immune to poison.
You resist negative energy. (rN+)
You are resistant to electric shocks. (rElec)
You are resistant to unholy torment.
You are immune to petrification.


Message History

Deactivating autopickup; reactivate with Ctrl-A.
You hear some strange, mumbled words.
You are confused.
You're too confused to move!
Something hits you. Something hits you but does no damage.
You're too confused to move!
You barely miss something. Something hits you but does no damage.
Something hits you.
You feel less confused. Something hits you but does no damage.
You hit something but do no damage. Something hits you but does no damage.
You barely miss something. Something hits you but does no damage.
You miss something. Something hits you but does no damage.
You hit something. Something hits you but does no damage.
You barely miss something. Something hits you but does no damage.
You hear some strange, mumbled words.
You are confused.
You barely miss something. Something hits you.
You completely miss something. Something hits you!
You barely miss something.
You hear some strange, mumbled words.
A magic dart appears from out of thin air!
The magic dart hits you.
You completely miss something. Something hits you but does no damage.
You barely miss something.
You feel less confused. Something hits you but does no damage.
You barely miss something.
You hear some strange, mumbled words.
A puff of flame appears from out of thin air!
The puff of flame hits you. Something hits you!
* * * LOW HITPOINT WARNING * * *
You barely miss something. Something hits you but does no damage.
You closely miss something. Something hits you!
* * * LOW HITPOINT WARNING * * *
You barely miss something. Something hits you but does no damage.
You slash something! Something hits you.
* * * LOW HITPOINT WARNING * * *
You barely miss something. Something hits you.
You die...

##########
######........#
..............#
..............#
........@{.####.
................
######......###..##.#
##......###..##.#####
#####.....>.......... ...
#................##.####.
#......###..##...##......
#......#.................
#......# #..##.#...)##.#.


There were no monsters in sight!

Vanquished Creatures
  A black bear (D:4)
  4 adders
  3 worms
  6 orcs
  4 bats
  9 endoplasms
  A giant cockroach (D:1)
  12 goblins
  7 hobgoblins
  11 jackals
  3 kobolds
  6 ball pythons
  3 frilled lizards
  4 rats
74 creatures vanquished.

Notes
Turn   | Place    | Note
-------+----------+-------------------------------------------
     0 | D:1      | Kazon the Gargoyle Fighter began the quest for the Orb.
     0 | D:1      | Reached XP level 1. HP: 14/14 MP: 1/1
    56 | D:1      | Identified a scroll of acquirement
    56 | D:1      | Acquired the +1 battleaxe of Defiance {drain, Dex+4}
    72 | D:1      | Reached XP level 2. HP: 19/19 MP: 2/2
   308 | D:1      | Reached XP level 3. HP: 23/23 MP: 3/3
   928 | D:2      | Reached skill level 1 in Axes
   956 | D:2      | Reached XP level 4. HP: 27/28 MP: 4/4
  1106 | D:2      | Reached skill level 1 in Throwing
  1558 | D:3      | Reached skill level 1 in Stealth
  1591 | D:3      | Found a blossoming altar of Fedhas.
  1606 | D:3      | Reached XP level 5. HP: 31/32 MP: 5/5
  1703 | D:3      | Reached skill level 4 in Armour
  1743 | D:3      | Found a stormy altar of Qazlal.
  1980 | D:3      | Identified the +2 sling "Qeuhanocyt" {speed, rElec Str-3
                  | Dex+2}
  1999 | D:3      | Found a faded altar of an unknown god.
  2074 | D:4      | Found a staircase to the Ecumenical Temple.
  2083 | Temple   | Entered the Ecumenical Temple
  2098 | Temple   | Became a worshipper of Warmaster Okawaru
  2210 | D:4      | Noticed a black bear
  2230 | D:4      | Killed a black bear
  2231 | D:4      | Reached skill level 1 in Invocations
  2231 | D:4      | Reached XP level 6. HP: 29/38 MP: 6/6
  2235 | D:4      | Found a hazy altar of Hepliaklqana.
  2236 | D:4      | Found a shadowy altar of Dithmenos.
  2236 | D:4      | Noticed a shadow
  2266 | D:4      | Noticed Sigmund
  2292 | D:4      | Slain by Sigmund

Illustrated notes

Levels and vault maps discovered:
D:1:      ebering_trefoil_3fold, layout_basic, st_stairs_14, serial_bayou_ford_a
D:2:      layout_basic, hangedman_decor_growths, minmay_close_crescents
D:3:      layout_rooms, mainiacjoe_overflow_concentric_impassable,
          mainiacjoe_overflow_paths, shapermc_ecumenical_altar_acropolis,
          chequers_serial_rivers_micro_b
D:4:      layout_basic, riverfiend_overflow_shadow_ancestor,
          minmay_temple_entry_glass, uniq_sigmund
Temple:   nicolae_temple_elliptical

Skill      XL: |  1  2  3  4  5 |
---------------+----------------+-----
Axes           | 1 2 |  2.6
Throwing       | 1 |  1.4
Stealth        | 1 |  1.9
Armour         | 4 |  4.1
Invocations    | 1 |  1.1
Fighting       | |  3.6
Maces & Flails | |  2.2
Dodging        | |  0.7
Shields        | |  3.6

Action                     |  1- 3 |  4- 6 || total
---------------------------+-------+-------++-------
  Melee: Flail             |    26 |       ||    26
         Battleaxe         |    86 |   131 ||   217
  Throw: Stone             |       |    11 ||    11
    Use: Scroll            |     2 |     1 ||     3
         Potion            |     1 |       ||     1
 Armour: Scale mail        |    92 |    69 ||   161
  Dodge: Dodged            |    63 |    76 ||   139
  Block: Buckler           |     7 |       ||     7
